AoeStats
← thesuq

Arabia

510278004Analyzed
1v1 RM · 10h ago on Sep 30, 2026· 16m 47s· 2 players
Game mode
Random Map
Map size
Tiny (2 player)
Population
200
Speed
Normal
Resources
Standard
Victory
Conquest
Starting age
Dark Age
Ending age
Imperial Age
RankedLock teamsTeams togetherTeam positionsShared explorationLock speedFull tech treeHidden civsTurbo modeCheats
Victory
Defeat
🇬🇧 Huns · United Kingdom
796
+17
🇦🇺 Inca · Australia
824
-17
thesuq
6:15 Loom
10:42 Feudal Age
11:22 Horse Collar
11:35 Double-Bit Axe
18:35 Castle Age
Apex_predator
5:36 Loom
13:04 Feudal Age
14:02 Champi Runner
15:50 Forging
Connection lost

Rejoining the realm…

Still unreachable

The connection could not be restored.

Session expired

The server has moved on; the page needs a fresh start.